ESL (28 & UNDER)
PENQUANNOCK OVERRATED JETER @ BUFFALO LIGHTSABRES
06/23/2030
 
TOP OF THE 1ST
Penquannock Overrated Jeter batting - Pitching for Buffalo LightSabres : RHP Dan Jones
Pitching: RHP Dan Jones
Batting: LHB Eric Powell 0-0: Ball
1-0: Swinging Strike
1-1: Called Strike
1-2: Ball
2-2: Ball
3-2: Foul Ball, location: 2F
3-2: SINGLE (Groundball, 4D)
Batting: LHB Francisco Medina 0-0: Called Strike
0-1: Fielders Choice at 2nd, 4-6 (Groundball, 4)
Batting: RHB Gary Wyatt 0-0: Ball
1-0: Called Strike
1-1: Ball
2-1: Ball
3-1: Base on Balls
Francisco Medina to second
Batting: LHB Félix Costa 0-0: Foul Ball, location: 2F
0-1: Ball
1-1: Ball
2-1: Grounds into double play, 5-4-3 (Groundball, 56)
Top of the 1st over - 0 runs, 1 hit, 0 errors, 1 left on base; Penquannock 0 - Buffalo 0
BOTTOM OF THE 1ST
Buffalo LightSabres batting - Pitching for Penquannock Overrated Jeter : RHP Dave Funk
Pitching: RHP Dave Funk
Batting: LHB Júlio Córdova 0-0: Ground out U3 (Groundball, 34S)
Pitching: RHP Leonard Christensen
Batting: RHB Júlio López 0-0: Ball
1-0: Foul Ball, location: 2F
1-1: Ball
2-1: Called Strike
2-2: Ground out 4-3 (Groundball, 4)
Batting: LHB Garrett King 0-0: Called Strike
0-1: Ground out U3 (Groundball, 3L)
Bottom of the 1st over - 0 runs, 0 hits, 0 errors, 0 left on base; Penquannock 0 - Buffalo 0
TOP OF THE 2ND
Penquannock Overrated Jeter batting - Pitching for Buffalo LightSabres : RHP Dan Jones
Batting: SHB Cristián López 0-0: SINGLE (Flyball, 78S)
Batting: RHB Manny Perea 0-0: SINGLE (Line Drive, 6M)
Cristián López to second
Cristián López to third
Batting: LHB José Morales 0-0: Called Strike
0-1: Ball
1-1: Called Strike
1-2: Ball
2-2: Foul Ball, location: 2F
2-2: Fly out, F8 (Flyball, 8LXD)
Runner from 3rd tags up, SCORES, no throw
Batting: RHB Phil Wright 0-0: Ball
1-0: Foul Ball, location: 2F
1-1: SINGLE (Line Drive, 6MD)
Manny Perea to second
Batting: RHB Guillermo Gracía 0-0: Called Strike
0-1: Ball
1-1: Swinging Strike
1-2: Strikes out swinging
Batting: LHB Eric Powell 0-0: Foul Ball, location: 2F
0-1: Ball
1-1: Called Strike
1-2: Ball
2-2: Ground out 6-3 (Groundball, 6MS)
Top of the 2nd over - 1 run, 3 hits, 0 errors, 2 left on base; Penquannock 1 - Buffalo 0
BOTTOM OF THE 2ND
Buffalo LightSabres batting - Pitching for Penquannock Overrated Jeter : RHP Leonard Christensen
Batting: RHB Augusto Padilla 0-0: Ball
1-0: Ball
2-0: Ball
3-0: Base on Balls
Batting: LHB Rob Davidson 0-0: Ball
Augusto Padilla steals 2nd base
1-0: Called Strike
1-1: Foul Ball, location: 2F
1-2: Ball
2-2: Ball
3-2: Foul Ball, location: 2F
3-2: Fly out, F9 (Flyball, 9S)
Batting: LHB Tim Griffith 0-0: Foul Ball, location: 2F
0-1: Ball
1-1: Swinging Strike
1-2: Strikes out swinging
Batting: RHB Pat McDonald 0-0: Ball
1-0: Foul Ball, location: 2F
1-1: SINGLE (Line Drive, 7LS)
Augusto Padilla to third
Runner from 3rd tries for Home, SAFE, no throw
Batting: RHB Abraham Hardy 0-0: Ball
1-0: Swinging Strike
1-1: Foul Ball, location: 2F
1-2: Strikes out swinging
Bottom of the 2nd over - 1 run, 1 hit, 0 errors, 1 left on base; Penquannock 1 - Buffalo 1
TOP OF THE 3RD
Penquannock Overrated Jeter batting - Pitching for Buffalo LightSabres : RHP Dan Jones
Batting: LHB Francisco Medina 0-0: Ball
1-0: Foul Ball, location: 2F
1-1: Ground out U3 (Groundball, 3)
Batting: RHB Gary Wyatt 0-0: Called Strike
0-1: Ball
1-1: Foul Ball, location: 2F
1-2: SOLO HOME RUN (Flyball, 7LD), Distance : 340 ft
Batting: LHB Félix Costa 0-0: Ball
1-0: Ground out 5-3 (Groundball, 56)
Batting: SHB Cristián López 0-0: Ball
1-0: Swinging Strike
1-1: Swinging Strike
1-2: Strikes out swinging
Top of the 3rd over - 1 run, 1 hit, 0 errors, 0 left on base; Penquannock 2 - Buffalo 1
BOTTOM OF THE 3RD
Buffalo LightSabres batting - Pitching for Penquannock Overrated Jeter : RHP Leonard Christensen
Batting: LHB Sergio Luna 0-0: Ball
1-0: Ground out 5-3 (Groundball, 56)
Batting: LHB Júlio Córdova 0-0: Called Strike
0-1: Ball
1-1: Fly out, F7 (Flyball, 78D)
Batting: RHB Júlio López 0-0: Ball
1-0: Fly out, F9 (Flyball, 9LS)
Bottom of the 3rd over - 0 runs, 0 hits, 0 errors, 0 left on base; Penquannock 2 - Buffalo 1
TOP OF THE 4TH
Penquannock Overrated Jeter batting - Pitching for Buffalo LightSabres : RHP Dan Jones
Batting: RHB Manny Perea 0-0: Foul Ball, location: 2F
0-1: Fly out, F8 (Flyball, 8RS)
Batting: LHB José Morales 0-0: Fly out, F8 (Flyball, 8LM)
Batting: RHB Phil Wright 0-0: Ground out 6-3 (Groundball, 6)
Top of the 4th over - 0 runs, 0 hits, 0 errors, 0 left on base; Penquannock 2 - Buffalo 1
BOTTOM OF THE 4TH
Buffalo LightSabres batting - Pitching for Penquannock Overrated Jeter : RHP Leonard Christensen
Batting: LHB Garrett King 0-0: Foul Ball, location: 2F
0-1: Swinging Strike
0-2: Strikes out swinging
Batting: RHB Augusto Padilla 0-0: Ball
1-0: Ball
2-0: Foul Ball, location: 2F
2-1: SINGLE (Groundball, 4MD)
Batting: LHB Rob Davidson 0-0: Ball
1-0: 2-RUN HOME RUN (Flyball, 9LD), Distance : 345 ft
Batting: LHB Tim Griffith 0-0: Ball
1-0: Foul Ball, location: 2F
1-1: Ball
2-1: Ball
3-1: SINGLE (Flyball, 5D)
Batting: RHB Pat McDonald 0-0: Ball
1-0: Swinging Strike
1-1: Fly out, F7 (Flyball, 7LS)
Batting: RHB Abraham Hardy 0-0: Ball
1-0: Called Strike
1-1: Ball
2-1: Ground out 6-3 (Groundball, 6S)
Bottom of the 4th over - 2 runs, 3 hits, 0 errors, 1 left on base; Penquannock 2 - Buffalo 3
TOP OF THE 5TH
Penquannock Overrated Jeter batting - Pitching for Buffalo LightSabres : RHP Dan Jones
Batting: RHB Guillermo Gracía 0-0: Ball
1-0: Ball
2-0: SINGLE (Line Drive, 3D)
Batting: LHB Eric Powell 0-0: Ball
1-0: Swinging Strike
1-1: Foul Ball, location: 2F
1-2: Strikes out swinging
Batting: LHB Francisco Medina 0-0: Grounds into double play, 4-6-3 (Groundball, 4)
Top of the 5th over - 0 runs, 1 hit, 0 errors, 0 left on base; Penquannock 2 - Buffalo 3
BOTTOM OF THE 5TH
Buffalo LightSabres batting - Pitching for Penquannock Overrated Jeter : RHP Leonard Christensen
Batting: LHB Sergio Luna 0-0: Called Strike
0-1: Foul Ball, location: 2F
0-2: Foul Ball, location: 2F
0-2: Ball
1-2: Foul Ball, location: 2F
1-2: Foul Ball, location: 2F
1-2: Ball
2-2: Foul Ball, location: 2F
2-2: Ball
3-2: SINGLE (Flyball, 89M)
Pitching: RHP César Villanueva
Batting: LHB Júlio Córdova 0-0: Fly out, F3 (Popup, 3SF)
Batting: RHB Júlio López 0-0: Called Strike
Sergio Luna is caught stealing 2nd base
0-1: Ball
1-1: Ball
2-1: Foul Ball, location: 2F
2-2: Ball
3-2: Reached on error, E5 (Groundball, 56S)
Batting: LHB Garrett King 0-0: Called Strike
0-1: Ball
1-1: Foul Ball, location: 2F
1-2: Ball
Júlio López is caught stealing 2nd base
Bottom of the 5th over - 0 runs, 1 hit, 1 error, 0 left on base; Penquannock 2 - Buffalo 3
TOP OF THE 6TH
Penquannock Overrated Jeter batting - Pitching for Buffalo LightSabres : RHP Dan Jones
Batting: RHB Gary Wyatt 0-0: Swinging Strike
0-1: Swinging Strike
0-2: Ball
1-2: Strikes out swinging
Batting: LHB Félix Costa 0-0: Foul Ball, location: 2F
0-1: Swinging Strike
0-2: Ball
1-2: Ball
2-2: Strikes out swinging
Batting: SHB Cristián López 0-0: Fly out, F9 (Flyball, 9LM)
Top of the 6th over - 0 runs, 0 hits, 0 errors, 0 left on base; Penquannock 2 - Buffalo 3
BOTTOM OF THE 6TH
Buffalo LightSabres batting - Pitching for Penquannock Overrated Jeter : RHP César Villanueva
Batting: LHB Garrett King 0-0: Swinging Strike
0-1: Ball
1-1: Ball
2-1: Foul Ball, location: 2F
2-2: Ground out 6-3 (Groundball, 6)
Batting: RHB Augusto Padilla 0-0: Called Strike
0-1: Ball
1-1: Called Strike
1-2: Foul Ball, location: 2F
1-2: Fly out, F9 (Flyball, 89XD)
Batting: LHB Rob Davidson 0-0: Ball
1-0: Swinging Strike
1-1: Ball
2-1: Ball
3-1: Base on Balls
Batting: LHB Tim Griffith 0-0: Called Strike
0-1: Ball
1-1: Ball
2-1: Fly out, F9 (Flyball, 89M)
Bottom of the 6th over - 0 runs, 0 hits, 0 errors, 1 left on base; Penquannock 2 - Buffalo 3
TOP OF THE 7TH
Penquannock Overrated Jeter batting - Pitching for Buffalo LightSabres : RHP Dan Jones
Batting: RHB Manny Perea 0-0: Ground out 6-3 (Groundball, 6)
Batting: LHB José Morales 0-0: Foul Ball, location: 2F
0-1: Foul Ball, location: 2F
0-2: Ground out 4-3 (Groundball, 4)
Batting: RHB Phil Wright 0-0: Ball
1-0: Called Strike
1-1: Called Strike
1-2: Ball
2-2: Ball
3-2: Fly out, F7 (Flyball, 78M)
Top of the 7th over - 0 runs, 0 hits, 0 errors, 0 left on base; Penquannock 2 - Buffalo 3
BOTTOM OF THE 7TH
Buffalo LightSabres batting - Pitching for Penquannock Overrated Jeter : RHP César Villanueva
Batting: RHB Pat McDonald 0-0: Ball
1-0: Ball
2-0: Foul Ball, location: 2F
2-1: Foul Ball, location: 2F
2-2: Foul Ball, location: 2F
2-2: Ball
3-2: Base on Balls
Batting: RHB Abraham Hardy 0-0: Swinging Strike
0-1: Ball
1-1: 2-RUN HOME RUN (Flyball, 7D), Distance : 375 ft
Batting: LHB Sergio Luna 0-0: Ball
1-0: Fly out, F7 (Flyball, 7)
Batting: LHB Júlio Córdova 0-0: Ball
1-0: Foul Ball, location: 2F
1-1: Ball
2-1: Ball
3-1: Base on Balls
Batting: RHB Júlio López 0-0: Ball
1-0: Swinging Strike
1-1: Called Strike
1-2: Fly out, F9 (Line Drive, 89M)
Batting: LHB Garrett King 0-0: Called Strike
Júlio Córdova steals 2nd base
0-1: Ball
1-1: Called Strike
1-2: Foul Ball, location: 2F
1-2: Strikes out looking
Bottom of the 7th over - 2 runs, 1 hit, 0 errors, 1 left on base; Penquannock 2 - Buffalo 5
TOP OF THE 8TH
Penquannock Overrated Jeter batting - Pitching for Buffalo LightSabres : RHP Dan Jones
Batting: RHB Guillermo Gracía 0-0: Ground out 6-3 (Groundball, 6)
Batting: LHB Eric Powell 0-0: Ground out 6-3 (Groundball, 6M)
Batting: LHB Francisco Medina 0-0: Hit by Pitch
Batting: RHB Gary Wyatt 0-0: Called Strike
0-1: Foul Ball, location: 2F
0-2: Ball
1-2: Ball
2-2: Strikes out swinging
Top of the 8th over - 0 runs, 0 hits, 0 errors, 1 left on base; Penquannock 2 - Buffalo 5
BOTTOM OF THE 8TH
Buffalo LightSabres batting - Pitching for Penquannock Overrated Jeter : RHP César Villanueva
Batting: RHB Augusto Padilla 0-0: Ball
1-0: Foul Ball, location: 2F
1-1: Ball
2-1: SINGLE (Flyball, 89M)
Batting: LHB Rob Davidson 0-0: Ball
1-0: Ball
2-0: Called Strike
2-1: Foul Ball, location: 2F
2-2: Ball
3-2: Foul Ball, location: 2F
3-2: SINGLE (Line Drive, 6M)
Augusto Padilla to second
Pitching: LHP Brian Gunther
Batting: LHB Tim Griffith 0-0: Ball
1-0: Ball
2-0: Foul Ball, location: 2F
2-1: SINGLE (Flyball, 8LS)
Augusto Padilla to third
Rob Davidson to second
Runner from 3rd tries for Home, SAFE, no throw
Batting: RHB Pat McDonald 0-0: Called Strike
0-1: Ball
1-1: SINGLE (Line Drive, 8LS)
Rob Davidson to third
Tim Griffith to second
Batting: RHB Abraham Hardy 0-0: Fly out, F9 (Flyball, 9LMF)
Runner from 3rd tags up, SCORES, no throw
Batting: LHB Sergio Luna 0-0: Swinging Strike
0-1: Ball
1-1: Fly out, F7 (Flyball, 7D)
Batting: LHB Júlio Córdova 0-0: Ball
1-0: SINGLE (Groundball, 4D)
Tim Griffith to third
Pat McDonald to second
Runner from 3rd tries for Home, SAFE, no throw
Batting: RHB Júlio López 0-0: Foul Ball, location: 2F
0-1: Foul Ball, location: 2F
0-2: Reached on error, E6 (Groundball, 6)
Pat McDonald to third
Júlio Córdova to second
Batting: LHB Garrett King 0-0: Ball
1-0: Ball
2-0: Ball
3-0: Called Strike
3-1: Called Strike
3-2: Strikes out swinging
Bottom of the 8th over - 3 runs, 5 hits, 1 error, 3 left on base; Penquannock 2 - Buffalo 8
TOP OF THE 9TH
Penquannock Overrated Jeter batting - Pitching for Buffalo LightSabres : RHP Dan Jones
Now in RF: Peter Dixon
Batting: LHB Félix Costa 0-0: Ball
1-0: Ball
2-0: Ball
3-0: Base on Balls
Batting: SHB Cristián López 0-0: Called Strike
0-1: Ball
1-1: Ball
2-1: Ball
3-1: Base on Balls
Félix Costa to second
Batting: RHB Manny Perea 0-0: Ball
1-0: Fly out, F5 (Line Drive, 56)
Batting: LHB José Morales 0-0: Called Strike
0-1: SINGLE (Flyball, 8RS)
Félix Costa to third
Cristián López to second
Batting: RHB Phil Wright 0-0: Ball
1-0: Ball
2-0: Fielders Choice at 2nd, 3-6 (Groundball, 3)
Félix Costa scores
Cristián López to third
Batting: RHB Guillermo Gracía 0-0: Called Strike
0-1: DOUBLE (Line Drive, 8LD)
Cristián López scores
Phil Wright to third
Pitching: RHP Junior Pineault
Batting: LHB Eric Powell 0-0: Swinging Strike
0-1: Ball
1-1: Ball
2-1: Ball
3-1: Foul Ball, location: 2F
3-2: Ground out 4-3 (Groundball, 4M)
Top of the 9th over - 2 runs, 2 hits, 0 errors, 2 left on base; Penquannock 4 - Buffalo 8
Saturday, April 7th, 2018 - OOTP Baseball 18.8 Build 76